 Dungeon Crawl Stone Soup version 0.20.1-1-g8b1a95d (webtiles) character file.

8273 spiff the Grappler (level 11, -1/111 HPs)
             Began as a Troll Hunter on July 17, 2017.
             Slain by a thrashing horror (3 damage)
             ... on level 2 of the Abyss.
             The game lasted 00:23:04 (8074 turns).

spiff the Grappler (Troll Hunter)                   Turns: 8074, Time: 00:23:05

Health: -1/111     AC: 11    Str: 22    XL:     11   Next: 7%
Magic:  10/10      EV: 16    Int:  3    God:
Gold:   618        SH:  0    Dex: 13    Spells: 10/10 levels left

rFire    . . .     SeeInvis .     - Unarmed
rCold    + + .     Gourm    +   (no shield)
rNeg     . . .     Faith    .   A - +2 robe {rC+}
rPois    .         Spirit   .   x - +2 hat
rElec    .         Reflect  .   l - +1 cloak
rCorr    .         Harm     .   (gloves unavailable)
MR       .....                  (boots unavailable)
Stlth    +.........             t - amulet of magic regeneration
Regen    0.7/turn               w - ring of protection from cold
MPRegen  0.2/turn               G - +3 ring of evasion

@: about to teleport, weakened, drained
A: unfitting armour, claws 3, [dopey 2], fast metabolism 3, gourmand,
regeneration 1, shaggy fur 1, tough skin 2
a: no special abilities


You were on level 2 of the Abyss.
You were very full.

You visited 2 branches of the dungeon, and saw 11 of its levels.
You visited the Abyss 1 time.

You collected 618 gold pieces.

Inventory:

Hand Weapons
 N - a +0 blowgun
Missiles
 c - 3 large rocks (quivered)
 d - 3 throwing nets
 I - 4 steel tomahawks
 K - 38 poisoned needles
Armour
 l - a +1 cloak (worn)
 x - a +2 hat (worn)
 A - a +2 robe of cold resistance (worn)
Jewellery
 t - an amulet of magic regeneration (around neck)
 w - a ring of protection from cold (left claw)
 G - a +3 ring of evasion (right claw)
Wands
 p - a wand of paralysis (5/24)
 y - a wand of lightning (8/15)
 C - a wand of random effects (25/48)
 D - a wand of flame (20/48)
 J - a wand of digging (18/24)
 L - a wand of flame (20/48)
 M - a wand of random effects (20/48)
Scrolls
 a - a scroll of enchant armour
 b - 2 scrolls of immolation {unknown}
 g - 6 scrolls of remove curse
 r - 2 scrolls of teleportation
 u - 4 scrolls of recharging
 B - a scroll of magic mapping
 F - a scroll of fog
Potions
 e - 2 potions of magic
 h - a potion of ambrosia {unknown}
 i - 3 potions of curing
 j - a potion of berserk rage {unknown}
 k - 2 potions of might
 m - 5 potions of mutation
 q - a potion of heal wounds
 s - a potion of lignification {unknown}
 v - 3 potions of haste
 z - a potion of brilliance {unknown}
Comestibles
 f - 5 bread rations
 n - 7 royal jellies
 o - 5 meat rations
 E - 4 fruits
 H - 2 chunks of flesh


   Skills:
 + Level 7.9(7.5) Fighting
 - Level 6.0(5.6) Throwing
 + Level 6.8(6.4) Dodging
 - Level 0.3(0.0) Stealth
 - Level 11.0(10.5) Unarmed Combat


You had 10 spell levels left.
You didn't know any spells.

Dungeon Overview and Level Annotations

Branches:
Dungeon (10/15)            Temple (1/1) D:4
   Lair: D:8-11         Orc: D:9-12

Altars:
Ashenzari
Cheibriados
Dithmenos
Elyvilon
Fedhas
Gozag
Hepliaklqana
Kikubaaqudgha
Makhleb
Nemelex Xobeh
Okawaru
Qazlal
Ru
Sif Muna
Trog
Uskayaw
Vehumet
Xom
Yredelemnul
Zin
The Shining One


Innate Abilities, Weirdness & Mutations

You are too large for most types of armour.
You have claws for hands.
Your metabolism is lightning-fast.
You like to eat raw meat.
Your natural rate of healing is unusually fast.
You are covered in fur. (AC +1)
You have very tough skin. (AC +2)
[You are very dopey. (Int -4)]


Message History

The thrashing horror roars!
The thrashing horror barely misses you. The thrashing horror tramples you.
* * * LOW HITPOINT WARNING * * *
You hold your ground!
The thrashing horror roars!
The thrashing horror tramples you!
* * * LOW HITPOINT WARNING * * *
You hold your ground!
The thrashing horror tramples you but does no damage.
The thrashing horror roars!
The thrashing horror tramples you!
* * * LOW HITPOINT WARNING * * *
You hold your ground!
The thrashing horror tramples you.
* * * LOW HITPOINT WARNING * * *
You hold your ground!
You feel yourself slow down. The thrashing horror tramples you!
* * * LOW HITPOINT WARNING * * *
You hold your ground!
The thrashing horror tramples you.
You die...

# #######...x
#.##..#.. ..##
# #..#.#.#.##
. ##..#..##..
# ## ..
##.##.. #.# .
##...x#.### .#
#.. ..#
#.#.#..###..#
# ##
######*.#X...#
#.
.#...###@##..#
#
#..#.§...#..#
#.# #.###
.###.####.# .
..
.......#.#.#
.# ##...
..#..#.# .#
##.. #.#.###
.# #.##.###..
.# #. #. #.§#
.. .. .# # ##


You could see a thrashing horror.

Vanquished Creatures
  The ghost of jojo4000 the Cleaver, a novice MiBe of Trog (D:9)
  Nergalle (D:10)
  A wizard (D:10)
  2 orc sorcerers
  Grinder (D:5)
  A hippogriff (D:9)
  7 yaks (D:10)
  Edmund (D:5)
  2 water moccasins (D:9)
  Duvessa (D:5)
  5 orc warriors
  An ice beast (D:8)
  4 sky beasts
  4 ogres
  The ghost of Zleub the Poker, an amateur MfSk (D:3)
  2 centaurs
  A crocodile (D:10)
  2 big kobolds
  3 bullfrogs
  Dowan (D:5)
  A scorpion (D:4)
  3 wights (D:8)
  4 crimson imps
  A quasit (D:10)
  A centaur zombie (D:9)
  9 hounds
  11 orc priests
  A gnoll shaman (D:8)
  2 jellies (D:7)
  2 bullfrog skeletons
  2 iguanas
  11 orc wizards
  9 worker ants
  A killer bee zombie (D:9)
  12 adders
  4 gnolls (D:8)
  4 shadow imps
  A worm (D:4)
  2 dart slugs
  6 leopard geckos
  29 orcs
  2 ball pythons
  7 giant cockroaches
  3 goblins
  5 hobgoblins
  22 jackals
  11 kobolds
  3 quokkas
  9 bats
  3 frilled lizards
  6 rats
229 creatures vanquished.

Vanquished Creatures (others)
  Jessica (D:2)
  A bat (D:2)
  2 starspawn tentacles (Abyss:2)
4 creatures vanquished.

Grand Total: 233 creatures vanquished

Notes
Turn   | Place    | Note
-------+----------+-------------------------------------------
     0 | D:1      | spiff the Troll Hunter began the quest for the Orb.
     0 | D:1      | Reached XP level 1. HP: 19/19 MP: 0/0
   221 | D:1      | Reached skill level 1 in Unarmed Combat
   329 | D:1      | Reached XP level 2. HP: 27/27 MP: 1/1
   513 | D:1      | Reached skill level 2 in Unarmed Combat
   840 | D:1      | Reached XP level 3. HP: 30/33 MP: 2/2
  1090 | D:2      | Found a basalt altar of Yredelemnul.
  1214 | D:2      | Reached skill level 3 in Unarmed Combat
  1301 | D:2      | Killed Jessica
  1304 | D:2      | Found a white marble altar of Elyvilon.
  1497 | D:2      | Reached XP level 4. HP: 30/41 MP: 3/3
  1846 | D:2      | Reached skill level 4 in Unarmed Combat
  1890 | D:2      | Found a glowing silver altar of Zin.
  2198 | D:3      | Noticed Zleub's ghost (amateur MfSk)
  2261 | D:3      | Killed Zleub's ghost
  2261 | D:3      | Reached skill level 5 in Unarmed Combat
  2261 | D:3      | Reached XP level 5. HP: 33/48 MP: 4/4
  2475 | D:3      | Found a bloodstained altar of Trog.
  2758 | D:4      | Found a staircase to the Ecumenical Temple.
  2835 | D:4      | Reached XP level 6. HP: 51/55 MP: 5/5
  2836 | D:4      | Reached skill level 6 in Unarmed Combat
  2889 | Temple   | Entered the Ecumenical Temple
  3128 | D:4      | Found a blossoming altar of Fedhas.
  3310 | D:4      | Reached skill level 7 in Unarmed Combat
  3310 | D:4      | Reached XP level 7. HP: 56/62 MP: 6/6
  3529 | D:4      | Reached skill level 8 in Unarmed Combat
  3944 | D:5      | Entered Level 5 of the Dungeon
  3944 | D:5      | Noticed Edmund
  3953 | D:5      | Killed Edmund
  3991 | D:5      | Found a hazy altar of Hepliaklqana.
  4000 | D:5      | Noticed Grinder
  4007 | D:5      | Killed Grinder
  4007 | D:5      | Reached skill level 9 in Unarmed Combat
  4007 | D:5      | Reached XP level 8. HP: 64/70 MP: 7/7
  4028 | D:5      | Noticed a dagger
  4028 | D:5      | Found a hide-covered altar of Uskayaw.
  4028 | D:5      | Noticed a dagger
  4204 | D:5      | Reached skill level 5 in Throwing
  4235 | D:5      | Found a deep blue altar of Sif Muna.
  4252 | D:5      | Noticed Dowan
  4254 | D:5      | Noticed Duvessa
  4263 | D:5      | Killed Duvessa
  4272 | D:5      | Killed Dowan
  4524 | D:6      | Reached skill level 10 in Unarmed Combat
  4804 | D:6      | Found a shattered altar of Ashenzari.
  4926 | D:6      | Reached XP level 9. HP: 53/80 MP: 8/8
  5656 | D:8      | Reached skill level 11 in Unarmed Combat
  5804 | D:8      | Found a shimmering altar of Xom.
  5876 | D:8      | Found an ancient bone altar of Kikubaaqudgha.
  6107 | D:9      | Found a sacrificial altar of Ru.
  6175 | D:9      | Reached skill level 5 in Fighting
  6421 | D:9      | Noticed jojo4000's ghost (novice MiBe)
  6438 | D:9      | Killed jojo4000's ghost
  6438 | D:9      | Reached XP level 10. HP: 72/98 MP: 9/9
  6624 | D:10     | Entered Level 10 of the Dungeon
  6631 | D:10     | Noticed an orc sorcerer
  6660 | D:10     | Noticed a wizard
  6661 | D:10     | Noticed an orc sorcerer
  6663 | D:10     | Noticed a wizard
  6670 | D:9      | Killed an orc sorcerer
  6670 | D:9      | Reached skill level 5 in Dodging
  6902 | D:10     | Noticed Nergalle
  6922 | D:10     | Killed Nergalle
  6922 | D:10     | Paralysed by an orc sorcerer for 5 turns
  7082 | D:10     | Killed a wizard
  7325 | D:10     | Found an ancient bone altar of Kikubaaqudgha.
  7515 | D:10     | Reached XP level 11. HP: 98/110 MP: 10/10
  7589 | D:10     | Noticed a soul eater
  7590 | D:10     | Killed an orc sorcerer
  7909 | D:10     | Cast into level 2 of the Abyss (a wizard)
  8011 | Abyss:2  | Noticed a thrashing horror
  8011 | Abyss:2  | Noticed a black draconian shifter
  8016 | Abyss:2  | Noticed a wretched star
  8028 | Abyss:2  | Noticed a large abomination
  8029 | Abyss:2  | Noticed a starcursed mass
  8064 | Abyss:2  | Noticed a tentacled starspawn
  8074 | Abyss:2  | HP: 2/111 [thrashing horror (10)]
  8074 | Abyss:2  | Slain by a thrashing horror

Skill      XL: |  1  2  3  4  5  6  7  8  9 10 |
---------------+-------------------------------+-----
Unarmed Combat | 1 2 3 5 7 9 10 11 | 11.0
Throwing       | 4 6 |  6.0
Fighting       | 2 5 7 |  7.9
Dodging        | 4 6 |  6.8
Stealth        | |  0.3

Action                   |  1- 3 |  4- 6 |  7- 9 | 10-12 || total
-------------------------+-------+-------+-------+-------++-------
Melee: Unarmed           |   115 |   158 |   365 |   138 ||   776
       Punch             |       |     5 |    13 |     8 ||    26
Throw: Large rock        |       |       |     3 |     2 ||     5
Evoke: Wand              |       |       |       |     4 ||     4
  Use: Scroll            |       |     8 |    13 |     1 ||    22
       Potion            |       |     2 |       |     2 ||     4
 Stab: Sleeping          |     2 |     1 |     5 |       ||     8
  Eat: Chunk             |    19 |    15 |    30 |    14 ||    78
Armor: Robe              |    40 |    75 |    77 |    41 ||   233
Dodge: Dodged            |    70 |   103 |   150 |   134 ||   457
